 Dungeon Crawl Stone Soup version 0.17.1-3-g152610e (webtiles) character file.

196 Jerry the Shield-Bearer (level 6, -5/47 HPs)
             Began as a Formicid Fighter on Mar 24, 2016.
             Slain by a gnoll
             ... wielding a +0 halberd
              (14 damage)
             ... on level 3 of the Dungeon.
             The game lasted 00:10:31 (2521 turns).

Jerry the Shield-Bearer (Formicid Fighter)          Turns: 2521, Time: 00:10:31

Health: -5/47      AC:  8    Str: 23    XL:     6   Next: 4%
Magic:  6/6        EV:  8    Int:  7    God:
Gold:   155        SH: 10    Dex: 10    Spells: 0 memorised, 5 levels left

rFire  . . .     SeeInvis +     a - +0 long sword
rCold  . . .     Clarity  .     b - +0 scale mail
rNeg   + . .     SustAt   .     c - +0 shield
rPois  .         Gourm    .     (helmet unavailable)
rElec  .         Spirit   .     r - +0 cloak
rCorr  .         Warding  .     (no gloves)
rMut   .         Stasis   +     (no boots)
MR     .....                    (no amulet)
Stlth  ..........               (no ring)
                                i - ring of positive energy

@: not resistant to hostile enchantments, extremely unstealthy
A: permanent stasis, dig shafts and tunnels, four strong arms, antennae 3
a: Dig, Shaft Self


You were on level 3 of the Dungeon.
You were not hungry.

You visited 1 branch of the dungeon, and saw 3 of its levels.

You collected 155 gold pieces.

Inventory:

Hand Weapons
 a - a +0 long sword (weapon)
Armour
 b - a +0 scale mail (worn)
 c - a +0 shield (worn)
 r - a +0 cloak (worn)
Jewellery
 i - a ring of positive energy (left hand)
Scrolls
 g - 3 scrolls of remove curse {unknown}
 j - a scroll of identify {unknown}
 k - a scroll of noise {unknown}
 l - 3 scrolls of amnesia {unknown}
 o - a scroll of magic mapping {unknown}
 q - 2 scrolls of blinking {unknown}
 s - a scroll of enchant weapon {unknown}
Potions
 d - a potion of might
 f - a potion of cancellation {unknown}
 h - 4 potions of curing {unknown}
 m - a potion of ambrosia {unknown}
Books
 n - a book of Clouds

   Spells                             Type                      Level
   a - Mephitic Cloud                 Conjuration/Poison/Air       3
   b - Conjure Flame                  Conjuration/Fire             3
   c - Poisonous Cloud                Conjuration/Poison/Air       6
   d - Freezing Cloud                 Conjuration/Ice/Air          6
   e - Ring of Flames                 Charms/Fire                  7
Comestibles
 e - a bread ration
 p - 4 fruits
 t - 6 chunks of flesh


   Skills:
 - Level 3.2 Fighting
 + Level 3.7 Long Blades
 + Level 4.7 Armour
 + Level 5.1 Shields


You had 5 spell levels left.
You didn't know any spells.

Dungeon Overview and Level Annotations

Branches:
Dungeon (3/15)

Altars:
Elyvilon
Gozag
Nemelex Xobeh
Yredelemnul


Innate Abilities, Weirdness & Mutations

You are under a permanent stasis effect.
You can dig through walls and to a lower floor.
Your four strong arms can wield two-handed weapons with a shield.
You have a pair of large antennae on your head (SInv).


Message History

You are too injured to fight recklessly!
You are too injured to fight recklessly!
You are too injured to fight recklessly!
You are too injured to fight recklessly!
You are too injured to fight recklessly!
You are too injured to fight recklessly!
You are too injured to fight recklessly!
You hit the gnoll but do no damage.
The gnoll is heavily wounded.
The gnoll barely misses you.
You barely miss the gnoll.
The gnoll is heavily wounded.
You block the gnoll's attack.
You hit the gnoll but do no damage.
The gnoll is heavily wounded.
You block the gnoll's attack.
Your shield prevents you from hitting the gnoll.
The gnoll is heavily wounded.
The gnoll hits you with a halberd!
You die...

#.#.# #...≈# ≈. ≈.≈ #≈.≈# #
#.#.####.#.≈###≈.≈###≈.≈###≈.≈###
#.#.....##.≈≈≈≈≈.≈≈≈ ≈.≈≈≈≈≈.≈≈≈≈
.........#.......... ............
######.##(.≈≈≈≈≈.≈≈ ≈.≈≈≈≈≈.≈≈≈≈
#.##(.≈###≈.≈# ≈.≈###≈.≈###
#.##..≈# #≈.≈# ≈.≈ #≈.≈# #
#.##..≈###≈g≈###≈.≈ #≈.≈# #
#.##..≈≈≈≈≈@≈≈≈≈≈.≈ ≈≈≈.≈≈ ≈
###.#.......)............... .
#.......≈≈≈≈≈.≈≈≈≈≈.≈≈≈≈≈.≈≈ ≈
#.###...≈###≈.≈###≈.≈# #
#.##....≈# #≈.≈# #≈.≈#
#.###.#.≈###≈.≈###≈.≈### # #.#
#.#.≈≈≈≈≈.≈≈≈≈≈.≈≈≈≈ ≈ #.#
#.#................. . #.#
#.###.#..###..#.### #


You could see a gnoll.

Vanquished Creatures
  An orc wizard (D:3)
  3 adders
  7 gnolls (D:3)
  An ooze (D:3)
  A worm (D:3)
  2 giant geckos
  A giant cockroach (D:2)
  10 goblins
  8 hobgoblins
  3 jackals (D:1)
  11 kobolds
  12 bats
  2 giant newts (D:1)
  3 quokkas
  10 rats
75 creatures vanquished.

Notes
Turn   | Place    | Note
--------------------------------------------------------------
     0 | D:1      | Jerry the Formicid Fighter began the quest for the Orb.
     0 | D:1      | Reached XP level 1. HP: 18/18 MP: 1/1
    65 | D:1      | Reached XP level 2. HP: 24/24 MP: 2/2
   248 | D:1      | Reached XP level 3. HP: 29/29 MP: 3/3
   603 | D:2      | Found a white marble altar of Elyvilon.
   697 | D:2      | Reached skill level 4 in Shields
  1031 | D:2      | Found an opulent altar of Gozag.
  1032 | D:2      | Found a sparkling altar of Nemelex Xobeh.
  1043 | D:2      | Reached XP level 4. HP: 21/35 MP: 4/4
  1560 | D:2      | Found a basalt altar of Yredelemnul.
  2011 | D:3      | Reached XP level 5. HP: 21/41 MP: 5/5
  2401 | D:3      | Reached skill level 5 in Shields
  2509 | D:3      | Reached XP level 6. HP: 21/47 MP: 6/6
  2521 | D:3      | Slain by a gnoll

Action                   |  1- 3 |  4- 6 || total
-------------------------+-------+-------++-------
Melee: Long sword        |   139 |   187 ||   326
  Eat: Chunk             |     1 |     5 ||     6
